 Dungeon Crawl Stone Soup version 0.31.0-9-g3a7656b989 (webtiles) character file.

Game seed: 4406246311836438073

6706 qw the Nimble (level 10, -13/51 HPs)
             Began as a Spriggan Hunter on Feb 2, 2024.
             Was a Believer of Okawaru.
             Mangled by a torpor snail (31 damage)
             ... on level 1 of the Lair of Beasts.
             The game lasted 00:00:40 (7336 turns).

qw the Nimble (Spriggan Hunter)                     Turns: 7336, Time: 00:00:40

Health: -13/51     AC:  8    Str:  7    XL:     10   Next: 74%
Magic:  13/14      EV:  4    Int: 15    God:    Okawaru [**....]
Gold:   650        SH:  0    Dex: 22    Spells: 9/9 levels left

rFire   . . .        a - +2 arbalest (freeze)
rCold   . . .        (shield currently unavailable)
rNeg    + + .        r - +0 steam dragon scales
rPois   +            k - +0 hat {Will+}
rElec   .            p - +0 cloak of the Zebrataur {rN++ Int+3 Slay+4}
rCorr   .            (gloves unavailable)
SInv    +            (boots unavailable)
Will    ++...        h - amulet of the acrobat
Stlth   ++++         d - ring of poison resistance
HPRegen 0.28/turn    (no ring)
MPRegen 0.14/turn

%: acrobat
@: sleeping, heroic, slowed, very quick
A: very small, no large weapons, unfitting armour, see invisible, speed 3
a: Renounce Religion, Heroism


You were on level 1 of the Lair of Beasts.
You worshipped Okawaru.
Okawaru was pleased with you.
You visited 3 branches of the dungeon, and saw 10 of its levels.
You also visited: Sewer and Ossuary.

You collected 650 gold pieces.


Innate Abilities, Weirdness & Mutations

You are very small and have problems with some larger weapons.
You are too small for most types of armour.
You have supernaturally acute eyesight. (SInv)
You cover ground extremely quickly. (Speed+++)


   Skills:
 + Level 4.8(9.8) Fighting
 - Level 12.0(17.0) Ranged Weapons
 - Level 2.7(7.7) Armour
 - Level 12.0(17.0) Dodging
 - Level 1.5(6.5) Stealth
 - Level 4.0 Invocations


You had 9 spell levels left.
You didn't know any spells.
Your spell library was empty.

Inventory:

Hand Weapons
 a - a +2 arbalest of freezing (weapon)
Armour
 k - a +0 hat of willpower (worn)
 p - the +0 cloak of the Zebrataur (worn) {rN++ Int+3 Slay+4}
   (You found it on level 4 of the Dungeon)

   Int+3:     It affects your intelligence (+3).
   Slay+4:    It affects your accuracy & damage with ranged weapons and melee
   (+4).
   rN++:      It greatly protects you from negative energy.
 r - +0 steam dragon scales (worn)
Jewellery
 d - a ring of poison resistance (left hand)
 h - an amulet of the acrobat (around neck)
Wands
 j - a wand of charming (6)
 t - a wand of roots (14)
Scrolls
 l - 5 scrolls of teleportation
Potions
 b - a potion of resistance
 e - 3 potions of heal wounds
 f - 2 potions of enlightenment
 g - 2 potions of mutation
 i - a potion of might
 m - 4 potions of curing
 o - a potion of magic
 s - a potion of cancellation

Dungeon Overview and Level Annotations

Branches:
Dungeon (8/15)             Temple (1/1) D:7            Lair (1/5) D:8
  Sewer (visited)         Ossuary (visited)

Altars:
Ashenzari
Cheibriados
Dithmenos
Elyvilon
Gozag
Hepliaklqana
Kikubaaqudgha
Makhleb
Nemelex Xobeh
Okawaru
Qazlal
Ru
Sif Muna
Trog
Uskayaw
Vehumet
Wu Jian
Xom
Yredelemnul

Annotations:
D:5 2 runed translucent doors, qw's ghost, novice DjHu


Message History

7327 ||| RETREEEEATING.
Enter note:
Enter note:
Enter note:
7328 ||| RETREEEEATING.
You feel like a meek peon again.
Enter note:
Enter note:
Enter note:
7329 ||| RETREEEEATING.
Enter note:
Enter note:
Enter note:
7330 ||| RETREEEEATING.
7331 ||| INVOKING Heroism.
You gain the combat prowess of a mighty hero.
The dream sheep closely misses you.
You shoot a bolt. The dream sheep bleats!
The bolt hits the dream sheep!
The bolt freezes the dream sheep.
The dream sheep is severely wounded.
The dream sheep completely misses you. The dream sheep headbutts you.
The dream sheep completely misses you.
The dream sheep shake their wool and sparkle.
You feel drowsy...
You fall asleep.
The dream sheep headbutts you!!
You wake up.
The dream sheep completely misses you.
You shoot a bolt. The bolt hits the dream sheep.
The bolt freezes the dream sheep.
You kill the dream sheep!
Okawaru accepts your kill.
You shoot a bolt. The bolt hits the torpor snail.
The bolt freezes the torpor snail.
The torpor snail is heavily wounded.
The dream sheep completely misses you.
The dream sheep shake their wool and sparkle.
You feel drowsy...
You fall asleep.
The torpor snail bites you!!
Ouch! That really hurt!
You die...

##....................##
#..........)...........# ##
##.........#####..P...##
###.###.?.......#......#....#
................(......P....#
..........).....#......'...##
.>.......#.##...#......#...#
.........###....#Y.....#...#
#PP##.....# #...@wY........#
## ### #....##
#...####P+##...####.# ##....#
#... ............... #.....#
#... ................ #.....#
#.................... ##....#
#........(.........$. #....##
#.................... #.....#
#.## ###............
#####....## #.#####.##.#.


You could see a torpor snail and 2 dream sheep.

Vanquished Creatures
  A boulder beetle (Lair:1)
  A polar bear (Lair:1)
  2 dream sheep (Lair:1)
  Sigmund (D:5)
  Eustachio (D:4)
  2 basilisks (D:8)
  A wyvern (D:7)
  A steam dragon (D:8)
  5 water moccasins
  Duvessa (D:4)
  6 black bears
  A sky beast (D:6)
  5 ice beasts
  A wolf (D:8)
  2 centaurs (D:6)
  10 kobold brigands
  2 phantoms
  7 bullfrogs
  A weeping skull (Ossuary)
  A gnoll sergeant (D:7)
  An elf zombie (Ossuary)
  A scorpion (D:3)
  A burial acolyte (Ossuary)
  Dowan (D:4)
  A howler monkey (D:8)
  2 bombardier beetles (D:6)
  A centaur zombie (Ossuary)
  A human zombie (Ossuary)
  A hound (D:4)
  9 orc priests
  2 jellies
  3 iguanas
  A sleepcap (D:7)
  Ijyb (D:4)
  4 orc wizards
  2 mummies (Ossuary)
  20 adders
  4 gnolls (D:7)
  A river rat (Sewer)
  A white imp (D:6)
  2 dart slugs (D:1)
  2 ribbon worms
  22 orcs
  12 endoplasms
  4 giant cockroaches
  11 goblins
  3 hobgoblins
  19 kobolds
  5 quokkas
  5 ball pythons
  9 bats
  4 frilled lizards
  2 gnoll zombies (Ossuary)
  2 quokka zombies (D:4)
  8 rats
220 creatures vanquished.

Notes
Turn   | Place    | Note
-------+----------+-------------------------------------------
     0 | D:1      | qw the Spriggan Hunter began the quest for the Orb.
     0 | D:1      | Reached XP level 1. HP: 10/10 MP: 2/2
     0 | D:1      | 0 ||| qw: Version: 0.3-a-155-g5e7d8dd
     0 | D:1      | 0 ||| qw: Game counter: 393
     0 | D:1      | 0 ||| qw: Melee chars always use a shield: true
     0 | D:1      | 0 ||| qw: God list: Okawaru
     0 | D:1      | 0 ||| qw: Allow faded altars: false
     0 | D:1      | 0 ||| qw: Do Orc after clearing Dungeon:15 true
     0 | D:1      | 0 ||| qw: Do second Lair branch before Depths: true
     0 | D:1      | 0 ||| qw: Lair rune preference: random
     0 | D:1      | 0 ||| qw: Goals: Normal
     0 | D:1      | 0 ||| PLANNING D:1-11
    38 | D:1      | Reached skill level 3 in Dodging
   132 | D:1      | Reached XP level 2. HP: 14/14 MP: 3/3
   520 | D:1      | 520 ||| UPGRADING to ring of poison resistance.
   521 | D:1      | 521 ||| READING scroll labelled ZOCYUS MUYMUUZXO.
   521 | D:1      | 521 ||| BRANDING +0 shortbow.
   522 | D:1      | 522 ||| READING scroll labelled LUMIXOVUTO.
   526 | D:1      | 526 ||| DRINKING 2 metallic black potions.
   527 | D:1      | 527 ||| DROPPING scroll of butterflies.
   634 | D:2      | Reached XP level 3. HP: 18/18 MP: 4/4
   672 | D:2      | HP: 4/18 [adder (3)]
   673 | D:2      | 673 ||| DRINKING potion of heal wounds.
  1052 | D:2      | 1052 ||| READING 3 scrolls labelled BOFYUXKUMMU.
  1052 | D:2      | 1052 ||| IDENTIFYING grey potion
  1053 | D:2      | 1053 ||| READING 2 scrolls of identify.
  1053 | D:2      | 1053 ||| IDENTIFYING dark potion
  1054 | D:2      | 1054 ||| READING scroll of identify.
  1054 | D:2      | 1054 ||| IDENTIFYING 2 glowing clear potions
  1055 | D:2      | 1055 ||| READING scroll labelled UZITUD KACO.
  1056 | D:2      | 1056 ||| READING scroll labelled XIAGEFI SISA.
  1057 | D:2      | 1057 ||| READING scroll labelled XIR EGHIV TUTA.
  1058 | D:2      | 1058 ||| DROPPING 2 potions of ambrosia.
  1104 | D:3      | Reached XP level 4. HP: 22/22 MP: 5/5
  1120 | D:3      | Noticed a bullfrog
  1127 | D:3      | Killed a bullfrog
  1144 | D:3      | Noticed a +0 short sword
  1144 | D:3      | Noticed a +0 falchion
  1161 | D:3      | Noticed a +0 spear
  1162 | D:3      | Noticed a +0 falchion
  1162 | D:3      | Noticed a +0 dagger
  1164 | D:3      | Noticed a +0 spear
  1166 | D:3      | Noticed a +0 short sword
  1180 | D:3      | Reached XP level 5. HP: 25/25 MP: 6/6
  1259 | D:3      | You fall into a shaft and drop 2 floors!
  1259 | D:5      | Entered Level 5 of the Dungeon
  1275 | D:5      | 1275 ||| PLANNING SEWER
  1361 | D:5      | Reached skill level 6 in Ranged Weapons
  1361 | D:5      | Reached XP level 6. HP: 30/30 MP: 7/7
  1436 | D:5      | Found a large runed translucent door.
  1436 | D:5      | Found a large runed translucent door.
  1440 | D:5      | Noticed qw's ghost (novice DjHu)
  1486 | D:5      | Reached skill level 6 in Dodging
  1490 | D:5      | Noticed Sigmund
  1491 | D:5      | 1491 ||| RETREEEEATING.
  1511 | D:5      | Killed Sigmund
  1512 | D:5      | Reached XP level 7. HP: 22/35 MP: 8/8
  1759 | D:5      | Found a glowing drain.
  1761 | D:5      | 1761 ||| UPGRADING to +1 cloak of stealth.
  1766 | D:5      | 1766 ||| UPGRADING to +0 hat of willpower.
  1771 | D:5      | 1771 ||| UPGRADING to amulet of the acrobat.
  1776 | D:5      | 1776 ||| READING 2 scrolls of identify.
  1776 | D:5      | 1776 ||| IDENTIFYING blue potion
  1777 | D:5      | 1777 ||| READING scroll of identify.
  1777 | D:5      | 1777 ||| IDENTIFYING 2 smoky sapphire potions
  1778 | D:5      | 1778 ||| DROPPING 2 potions of attraction.
  1782 | Sewer    | Entered a sewer
  2231 | Sewer    | Reached skill level 3 in Fighting
  2231 | Sewer    | Reached XP level 8. HP: 40/40 MP: 9/9
  2408 | Sewer    | 2408 ||| DRINKING 2 green potions.
  2409 | Sewer    | 2409 ||| DROPPING potion of invisibility.
  2432 | D:5      | 2432 ||| PLANNING D:1-11
  2505 | D:4      | 2505 ||| PLANNING OSSUARY
  2572 | D:4      | Reached skill level 9 in Ranged Weapons
  2608 | D:4      | Found a sand-covered staircase.
  2609 | D:4      | 2609 ||| DRINKING 2 puce potions.
  2610 | D:4      | 2610 ||| DROPPING potion of magic.
  2620 | Ossuary  | Entered an ossuary
  2620 | Ossuary  | Found a huge runed translucent gate.
  2620 | Ossuary  | Found a huge runed translucent gate.
  2620 | Ossuary  | Found a huge runed translucent gate.
  2620 | Ossuary  | Found a huge runed translucent gate.
  2620 | Ossuary  | Found a huge runed translucent gate.
  2620 | Ossuary  | Found a huge runed translucent gate.
  2620 | Ossuary  | Found a huge runed translucent gate.
  2620 | Ossuary  | Found a huge runed translucent gate.
  2620 | Ossuary  | Found a huge runed translucent gate.
  2621 | Ossuary  | Found a huge runed translucent gate.
  2621 | Ossuary  | Found a huge runed translucent gate.
  2622 | Ossuary  | Found a huge runed translucent gate.
  2622 | Ossuary  | Found a huge runed translucent gate.
  2624 | Ossuary  | Found a huge runed translucent gate.
  2624 | Ossuary  | Found a huge runed translucent gate.
  2634 | Ossuary  | Found a huge runed translucent gate.
  2634 | Ossuary  | Found a huge runed translucent gate.
  2634 | Ossuary  | Found a huge runed translucent gate.
  2634 | Ossuary  | Found a huge runed translucent gate.
  2634 | Ossuary  | Found a huge runed translucent gate.
  2635 | Ossuary  | Found a huge runed translucent gate.
  2635 | Ossuary  | Found a huge runed translucent gate.
  2637 | Ossuary  | Found a huge runed translucent gate.
  2637 | Ossuary  | Found a huge runed translucent gate.
  2638 | Ossuary  | Found a huge runed translucent gate.
  2638 | Ossuary  | Found a huge runed translucent gate.
  2639 | Ossuary  | Found a huge runed translucent gate.
  2639 | Ossuary  | Found a huge runed translucent gate.
  2644 | Ossuary  | Found a huge runed translucent gate.
  2644 | Ossuary  | Found a huge runed translucent gate.
  2729 | Ossuary  | Found a huge runed translucent gate.
  2729 | Ossuary  | Found a huge runed translucent gate.
  2729 | Ossuary  | Found a huge runed translucent gate.
  2729 | Ossuary  | Found a huge runed translucent gate.
  2729 | Ossuary  | Found a huge runed translucent gate.
  2748 | Ossuary  | Reached skill level 9 in Dodging
  2769 | Ossuary  | HP: 9/39 [human zombie (6)]
  2770 | Ossuary  | 2770 ||| READING 3 scrolls of teleportation.
  2771 | Ossuary  | 2771 ||| DRINKING potion of heal wounds.
  2865 | Ossuary  | 2865 ||| READING scroll of identify.
  2865 | Ossuary  | 2865 ||| IDENTIFYING white potion
  2874 | D:4      | 2874 ||| PLANNING D:1-11
  3289 | D:3      | Noticed a +0 dagger
  3291 | D:3      | Found a hide-covered altar of Uskayaw.
  3382 | D:3      | Found a shadowy altar of Dithmenos.
  3838 | D:4      | Noticed Eustachio
  3844 | D:4      | Killed Eustachio
  3845 | D:4      | Reached XP level 9. HP: 27/44 MP: 10/10
  3947 | D:4      | Identified the +0 cloak of the Zebrataur {rN++ Int+3
                  | Slay+4}
  3967 | D:4      | Noticed Ijyb
  3976 | D:4      | Killed Ijyb
  4089 | D:4      | Noticed Duvessa
  4089 | D:4      | Noticed Dowan
  4100 | D:4      | Killed Duvessa
  4101 | D:4      | 4101 ||| DRINKING potion of haste.
  4104 | D:4      | Killed Dowan
  4291 | D:4      | 4291 ||| UPGRADING to +0 cloak of the Zebrataur {rN++ Int+3
                  | Slay+4}.
  4301 | D:4      | 4301 ||| DROPPING +1 cloak of stealth.
  4302 | D:4      | 4302 ||| READING scroll of identify.
  4302 | D:4      | 4302 ||| IDENTIFYING golden potion
  4303 | D:4      | 4303 ||| READING scroll labelled NEIPAFOKOPS.
  4304 | D:4      | 4304 ||| READING scroll labelled LYIGEE RUHAPUPH.
  4685 | D:6      | 4685 ||| FLEEEEING.
  4686 | D:6      | 4686 ||| FLEEEEING.
  4687 | D:6      | 4687 ||| FLEEEEING.
  4770 | D:6      | 4770 ||| SWAPPING to +0 orcbow.
  4771 | D:6      | 4771 ||| DROPPING +0 shortbow of electrocution.
  4845 | D:6      | 4845 ||| SWAPPING to +1 arbalest of freezing.
  4846 | D:6      | 4846 ||| DROPPING +0 orcbow.
  5270 | D:6      | 5270 ||| DROPPING ring of wizardry.
  5271 | D:6      | 5271 ||| READING scroll labelled BAF RUOVAMYKHLU.
  5271 | D:6      | 5271 ||| ENCHANTING +1 arbalest of freezing.
  5342 | D:7      | Found a staircase to the Ecumenical Temple.
  5343 | D:7      | 5343 ||| PLANNING TEMPLE
  5352 | Temple   | Entered the Ecumenical Temple
  5353 | Temple   | 5353 ||| PLANNING OKAWARU WORSHIP
  5363 | Temple   | Became a worshipper of Warmaster Okawaru
  5364 | Temple   | 5364 ||| PLANNING D:1-11
  5430 | D:7      | 5430 ||| RETREEEEATING.
  5775 | D:7      | Reached * piety under Okawaru
  6082 | D:7      | 6082 ||| READING 2 scrolls of identify.
  6082 | D:7      | 6082 ||| IDENTIFYING fuming clear potion
  6083 | D:7      | 6083 ||| READING scroll of identify.
  6083 | D:7      | 6083 ||| IDENTIFYING bubbling pink potion
  6084 | D:7      | 6084 ||| READING scroll labelled HOACA NAERUSEO.
  6085 | D:7      | 6085 ||| DROPPING potion of brilliance.
  6130 | D:8      | Reached skill level 1 in Invocations
  6246 | D:8      | Reached XP level 10. HP: 49/49 MP: 10/12
  6277 | D:8      | Reached skill level 12 in Dodging
  6277 | D:8      | 6277 ||| RETREEEEATING.
  6281 | D:8      | 6281 ||| RETREEEEATING.
  6283 | D:8      | 6283 ||| RETREEEEATING.
  6284 | D:8      | 6284 ||| RETREEEEATING.
  6285 | D:8      | 6285 ||| RETREEEEATING.
  6286 | D:8      | 6286 ||| RETREEEEATING.
  6287 | D:8      | 6287 ||| RETREEEEATING.
  6288 | D:8      | 6288 ||| RETREEEEATING.
  6289 | D:8      | 6289 ||| RETREEEEATING.
  6291 | D:8      | 6291 ||| RETREEEEATING.
  6307 | D:8      | Reached skill level 3 in Invocations
  6342 | D:8      | Reached ** piety under Okawaru
  6349 | D:8      | Found a staircase to the Lair.
  6961 | D:8      | 6961 ||| PLANNING LAIR
  6961 | D:8      | 6961 ||| UPGRADING to +0 steam dragon scales.
  6971 | D:8      | 6971 ||| DROPPING +0 robe.
  6972 | D:8      | 6972 ||| READING scroll labelled SUWA VUEPNE.
  7073 | D:8      | 7073 ||| DRINKING 2 viscous dark potions.
  7115 | Lair:1   | Entered Level 1 of the Lair of Beasts
  7119 | Lair:1   | Noticed a boulder beetle
  7120 | Lair:1   | 7120 ||| INVOKING Heroism.
  7128 | Lair:1   | Killed a boulder beetle
  7239 | Lair:1   | Reached *** piety under Okawaru
  7243 | Lair:1   | 7243 ||| INVOKING Heroism.
  7244 | Lair:1   | 7244 ||| DRINKING potion of haste.
  7251 | Lair:1   | Reached skill level 12 in Ranged Weapons
  7308 | Lair:1   | Noticed a torpor snail
  7309 | Lair:1   | 7309 ||| INVOKING Heroism.
  7316 | Lair:1   | 7316 ||| RETREEEEATING.
  7317 | Lair:1   | 7317 ||| RETREEEEATING.
  7318 | Lair:1   | 7318 ||| RETREEEEATING.
  7319 | Lair:1   | 7319 ||| RETREEEEATING.
  7320 | Lair:1   | 7320 ||| RETREEEEATING.
  7321 | Lair:1   | 7321 ||| RETREEEEATING.
  7322 | Lair:1   | 7322 ||| RETREEEEATING.
  7323 | Lair:1   | 7323 ||| RETREEEEATING.
  7327 | Lair:1   | 7327 ||| RETREEEEATING.
  7328 | Lair:1   | 7328 ||| RETREEEEATING.
  7329 | Lair:1   | 7329 ||| RETREEEEATING.
  7330 | Lair:1   | 7330 ||| RETREEEEATING.
  7331 | Lair:1   | 7331 ||| INVOKING Heroism.
  7336 | Lair:1   | Mangled by a torpor snail

Levels and vault maps discovered:
D:1:      eino_arrival_cavern_a, layout_rooms
D:2:      layout_basic
D:3:      layout_basic, lemuel_coloured_pillars_altar,
          nicolae_uskayaw_en_pointe, minmay_liquid_box, grunt_ministairs_15,
          minivault_5, minmay_misc_feat_hallway
D:4:      layout_basic, enter_ossuary_4, uniq_ijyb, uniq_duvessa, uniq_eustachio
D:5:      layout_rooms, ebering_ghost_disaster_area, gup_sewer_entry_spiral,
          nicolae_nh_ransacked_shop, uniq_sigmund
D:6:      layout_loops_cross, dk_vineyard_1, kennysheep_another_room
D:7:      layout_basic, minmay_temple_entry_mini_moons,
          minmay_misc_feat_pillars, serial_park_tiny_2
D:8:      layout_loops_ring, minmay_lair_entry_grove
Temple:   bh_familiar_temple
Lair:1:   layout_chaotic_city, lemuel_fruit_tree

Skill      XL: |  1  2  3  4  5  6  7  8  9 10 |
---------------+-------------------------------+-----
Dodging        | 3 4 5 6 7 9 11 12 | 12.0
Ranged Weapons | 5 6 7 8 10 11 12 | 12.0
Fighting       | 2 3 4 |  4.8
Invocations    | 1 4 |  4.0
Armour         | 2 |  2.7
Stealth        | |  1.5

Action                     |  1- 3 |  4- 6 |  7- 9 | 10-12 || total
---------------------------+-------+-------+-------+-------++-------
   Fire: Shortbow          |    84 |    83 |   352 |       ||   519
         Arbalest          |       |       |    83 |    93 ||   176
         Orcbow            |       |       |    10 |       ||    10
 Invoke: Heroism           |       |       |       |     4 ||     4
    Use: Scroll            |     8 |       |    11 |     1 ||    20
         Potion            |     2 |       |     4 |     2 ||     8
 Armour: Robe              |    11 |     3 |    44 |     5 ||    63
         Steam dragon scal |       |       |       |     8 ||     8
  Dodge: Dodged            |    16 |    30 |   169 |    55 ||   270

Table legend:
 A = Non-vault XP
 B = Vault XP
 C = Vault XP percentage of total XP
 D = Non-vault monster count
 E = Vault monster count
 F = Vault count percentage of total count
                 A         B        C        D         E       F
            +---------+---------+-------+---------+---------+-------
      Total |    5962 |    3618 |  37.8 |     148 |      72 |  32.7
            +---------+---------+-------+---------+---------+-------
        D:1 |      34 |       0 |   0.0 |      18 |       0 |   0.0
        D:2 |      61 |       0 |   0.0 |      18 |       0 |   0.0
        D:3 |     214 |     126 |  37.1 |      15 |       2 |  11.8
        D:4 |     407 |     440 |  51.9 |      27 |       6 |  18.2
        D:5 |     529 |     377 |  41.6 |      12 |      17 |  58.6
        D:6 |     766 |       0 |   0.0 |      12 |       0 |   0.0
        D:7 |    1083 |       0 |   0.0 |      16 |       0 |   0.0
        D:8 |     857 |    1362 |  61.4 |      23 |      10 |  30.3
     Lair:1 |    2011 |       0 |   0.0 |       7 |       0 |   0.0
      Sewer |       0 |     925 | 100.0 |       0 |      28 | 100.0
    Ossuary |       0 |     388 | 100.0 |       0 |       9 | 100.0
            +---------+---------+-------+---------+---------+-------
